Map: King Sejong Station LE

Players

ẠякẠ

  • Race: Zerg Zerg
  • League: Grandmaster

llllllllllll - Winner!

  • Race: Zerg Zerg
  • League: Grandmaster

VOD

Have the link to the VOD?

Description

Time

  • Played on: Oct. 28, 2016, 7:32 a.m.
  • Length: 8:23
Show
View Real Time Build Order
Export as new Build Order

ẠякẠ Zerg 

Build Orders: Pool First 

Get SALT Encoding   

  12  0:00  Drone  
  13  0:12  Overlord  
  13  0:18  Drone  
  14  0:30  Drone x2  
  14  0:34  Drone  
  17  0:45  Spawning Pool  
  17  0:46  Extractor  
  17  0:49  Drone  
  16  0:55  Drone  
  17  1:15  Unknown, Hatchery  
  17  1:18  Drone  
  17  1:23  Drone  
  18  1:29  Drone  
  19  1:37  Queen  
  21  1:47  Metabolic Boost  
  21  1:50  Overlord  
  21  2:00  Zergling x2  
  22  2:07  Baneling Nest  
  21  2:10  Drone  
  21  2:14  Queen  
  24  2:23  Zergling x2  
  24  2:27  Unknown, Zergling x2  
  26  2:32  Zergling x2  
  27  2:38  Zergling x2  
  27  2:42  Zergling x2  
  29  2:45  Zergling x4  
  29  2:48  Zergling x2  
  33  2:58  Zergling x4  
  33  3:01  Zergling x2  
  33  3:05  Zergling x2  
  36  3:08  Baneling x2  
  36  3:13  Overlord  
  33  3:38  Zergling x12  
  33  3:44  Zergling x2  
  32  3:53  Zergling x4  
  34  4:05  Drone  
  34  4:06  Drone  
  35  4:12  Zergling x4  
  37  4:23  Zergling x10  
  37  4:24  Zergling x2  
  42  4:31  Zergling x4  
  43  4:32  Baneling x2  
  42  4:42  Drone  
  42  4:44  Drone  
  42  4:47  Drone x2  
  42  4:50  Overlord x2  
  41  5:01  Drone x3  
  41  5:04  Roach Warren  
  40  5:07  Baneling x2  
  40  5:08  Drone  
  40  5:09  Zergling x2  
  40  5:12  Drone  
  40  5:14  Baneling  
  43  5:41  Drone x5  
  43  5:42  Drone x2  
  45  5:52  Zergling x4  
  47  5:59  Extractor  
  47  6:00  Roach  
  47  6:01  Roach x3  
  54  6:07  Roach x2  
  54  6:08  Roach  
  60  6:15  Overlord x2  
  59  6:35  Baneling  
  59  6:36  Baneling  
  59  6:38  Roach  
  59  6:39  Roach x7  
  75  6:46  Overlord  
  75  6:51  Baneling x4  
  75  6:57  Overlord  
  75  7:07  Roach x2  
  79  7:16  Zergling x2  
  79  7:17  Zergling x4  
  81  7:31  Zergling x6  
  84  7:37  Zergling x2  
  84  7:38  Zergling x6  
  88  7:51  Zergling x4  
  88  7:52  Zergling x2  
  88  7:55  Ravager  
Show
View Real Time Build Order
Export as new Build Order

llllllllllll Zerg - Winner!

Build Orders: Hatch First 

Get SALT Encoding   

  12  0:01  Drone  
  13  0:13  Overlord  
  13  0:17  Drone  
  14  0:33  Drone  
  14  0:34  Drone  
  16  0:37  Drone  
  17  0:52  Unknown, Hatchery  
  17  0:56  Drone  
  17  0:59  Drone  
  18  1:11  Extractor  
  18  1:15  Spawning Pool  
  18  1:16  Drone  
  17  1:20  Drone  
  18  1:29  Drone  
  19  1:40  Overlord  
  19  1:50  Drone  
  20  2:02  Queen  
  20  2:03  Unknown  
  20  2:04  Zergling x4  
  20  2:05  Queen  
  26  2:13  Drone  
  27  2:16  Drone  
  27  2:17  Metabolic Boost  
  28  2:23  Drone  
  28  2:28  Drone  
  30  2:35  Drone  
  31  2:38  Queen  
  31  2:39  Baneling Nest  
  31  2:41  Drone  
  33  2:45  Overlord  
  33  2:55  Drone x2  
  33  2:58  Zergling x2  
  35  3:07  Overlord  
  35  3:10  Spine Crawler  
  34  3:13  Zergling x8  
  38  3:23  Baneling  
  38  3:25  Zergling x4  
  38  3:27  Zergling x4  
  42  3:30  Zergling x2  
  39  3:34  Zergling x2  
  31  3:41  Zergling x2  
  31  3:47  Drone x4  
  33  3:52  Baneling x3  
  33  3:54  Drone  
  34  4:05  Drone x3  
  34  4:08  Drone x2  
  39  4:19  Zergling x2  
  39  4:20  Zergling x8  
  44  4:26  Queen  
  45  4:34  Drone  
  46  4:39  Drone x2  
  46  4:45  Queen  
  49  4:46  Overlord  
  49  4:47  Drone  
  49  4:52  Drone  
  51  4:57  Drone  
  52  5:04  Overlord  
  52  5:09  Baneling  
  52  5:10  Baneling x3  
  52  5:12  Drone  
  52  5:13  Unknown, Hatchery  
  52  5:23  Evolution Chamber  
  52  5:24  Drone x4, Roach Warren  
  52  5:37  Zergling x6  
  53  5:45  Extractor, Zergling x4  
  53  5:47  Extractor  
  53  5:51  Zerg Missile Weapons Level 1  
  53  5:53  Baneling x6  
  53  5:54  Zergling x10  
  58  6:05  Roach  
  61  6:11  Roach x2  
  61  6:16  Roach x2  
  64  6:21  Roach  
  64  6:22  Overlord  
  64  6:25  Unknown  
  66  6:26  Drone x2  
  66  6:27  Drone  
  69  6:33  Drone x3  
  69  6:37  Roach, Overlord  
  69  6:38  Overlord  
  74  6:41  Roach  
  74  6:46  Spine Crawler, Roach  
  77  6:48  Roach x2  
  81  6:54  Baneling  
  81  6:55  Baneling x2  
  81  6:58  Roach, Zergling x2  
  81  6:59  Zergling x2  
  84  7:14  Roach x6  
  84  7:15  Overlord  
  95  7:22  Baneling x2  
  96  7:30  Zergling x6  
  98  7:41  Overlord  
  97  7:46  Roach x2  
  97  7:47  Roach x2  
  105  7:56  Overlord x2  
Tags
 
Add a new tag
Caveats
  • Supply blocks, unpowered buildings, or Contaminate may cause inaccurate times.
  • Supply counts are checked every 10 seconds.